 Dungeon Crawl Stone Soup version 0.30-a0-1157-g2cc9ac7196 (webtiles) character file.

Game seed: 13625703960075064143

15575 LustLizard the Destroyer (level 12, -16/69 HPs)
             Began as a Deep Elf Venom Mage on Apr 24, 2023.
             Was a Plaything of Xom.
             Demolished by a dire elephant simulacrum (29 damage)
             ... in an ice cave on Apr 25, 2023.
             The game lasted 00:52:18 (17051 turns).

LustLizard the Destroyer (Deep Elf Venom Mage)     Turns: 17051, Time: 00:52:18

Health: -16/69     AC:  7    Str: 15    XL:     12   Next: 2%
Magic:  7/27       EV: 12    Int: 23    God:    Xom [....*.]
Gold:   2741       SH:  0    Dex: 14    Spells: 8/30 levels left

rFire   . . .        t - staff of earth "Qusehoa" {rN+++ Str+4}
rCold   + + .        (no shield)
rNeg    + + +        y - +1 steam dragon scales
rPois   .            (no helmet)
rElec   .            s - +0 cloak
rCorr   .            (no gloves)
SInv    .            E - +0 pair of boots
Will    +....        w - amulet "Ciam" {rC+ rN+ Regen+ Stlth+}
Stlth   ++++         m - +4 ring of slaying
HPRegen 1.11/turn    K - ring of protection from cold
MPRegen 0.20/turn

%: no passive effects
@: unable to read
A: deformed body, shaggy fur 1, strong 1, wild magic 1, evolution 1, inability
to read after injury 1
a: Renounce Religion


You were in an ice cave.
You worshipped Xom.
You were a beloved toy of Xom.
You visited 1 branch of the dungeon, and saw 12 of its levels.
You also visited: Sewer and Ice Cave.

You collected 3023 gold pieces.
You spent 282 gold pieces at shops.

Inventory:

Missiles
 I - a throwing net
Armour
 n - the +2 shield of Resistance {rF++ rC++ Will++}
   (You acquired it in an ice cave)

   rF:        It greatly protects you from fire.
   rC:        It greatly protects you from cold.
   Will:      It greatly increases your willpower.
 s - a +0 cloak (worn)
 y - +1 steam dragon scales (worn)
 E - a +0 pair of boots (worn)
Magical Staves
 t - the staff of earth "Qusehoa" (weapon) {rN+++ Str+4}
   (You found it on level 4 of the Dungeon)

   [staff of earth]

   Base accuracy: +5 Base damage: 5 Base attack delay: 1.2 This weapon's minimum
   attack delay (0.6) is reached at skill level 12.
   Str:       It affects your strength (+4).
   rN:        It renders you almost immune to negative energy.
   It falls into the 'Staves' category.
   It is a one-handed weapon.
Jewellery
 a - an amulet of magic regeneration
 c - a ring of protection from fire
 m - a +4 ring of slaying (left hand)
 q - a ring of willpower
 w - the amulet "Ciam" (around neck) {rC+ rN+ Regen+ Stlth+}
   (Xom gifted it to you on level 6 of the Dungeon)

   [amulet of regeneration]

   rC:        It protects you from cold.
   rN:        It protects you from negative energy.
   Regen:     It increases your rate of health regeneration.
   Stlth:     It makes you more stealthy.
 K - a ring of protection from cold (right hand)
 M - a ring of fire
 O - a ring of see invisible
 P - a ring of poison resistance
Wands
 e - a wand of paralysis (21)
 r - a wand of roots (18)
 u - a wand of light (8)
 G - a wand of mindburst (22)
Scrolls
 d - 2 scrolls of fear
 h - 6 scrolls of teleportation
 i - 4 scrolls of blinking
 j - a scroll of enchant weapon
 k - a scroll of amnesia
 o - a scroll of brand weapon {unknown}
 p - a scroll of vulnerability {unknown}
 v - a scroll of torment {unknown}
 D - a scroll of fog {unknown}
 H - a scroll of magic mapping {unknown}
 J - a scroll of silence {unknown}
 N - a scroll of poison {unknown}
Potions
 b - 4 potions of magic
 f - 8 potions of curing
 g - a potion of heal wounds
 l - 3 potions of resistance
 x - 4 potions of might
 z - 2 potions of flight
 A - a potion of haste
 B - a potion of berserk rage
 C - 2 potions of mutation
 F - 2 potions of lignification {unknown}
 L - a potion of invisibility {unknown}
 Q - a potion of experience {unknown}


   Skills:
 + Level 5.9 Fighting
 + Level 0.7 Staves
 - Level 3.4 Armour
 + Level 2.7 Dodging
 - Level 6.1 Stealth
 * Level 0.9 Shields
 + Level 9.9 Spellcasting
 * Level 10.1 Conjurations
 - Level 6.2 Hexes
 - Level 1.1 Transmutations
 - Level 3.4 Air Magic
 * Level 10.1 Earth Magic
 - Level 7.3 Poison Magic


You had 8 spell levels left.
You knew the following spells:

 Your Spells              Type           Power      Damage    Failure   Level
a - Sting                 Tmut/Pois      100%       1d8       2%          1
b - Poisonous Vapours     Pois/Air       94%        N/A       1%          2
c - Mephitic Cloud        Conj/Pois/Air  54%        N/A       2%          3
e - Stone Arrow           Conj/Erth      100%       3d13      1%          3
f - Olgreb's Toxic Radia  Pois           56%        N/A       4%          4
g - Ignite Poison         Fire/Tmut/Pois 31%        N/A       9%          3
h - Iron Shot             Conj/Erth      42%        9d8       21%         6

Your spell library contained the following spells:

 Spells                   Type           Power      Damage    Failure   Level
 Magic Dart               Conj           100%       1d8       1%          1
 Sandblast                Erth           100%       2d20      1%          1
 Passwall                 Tmut/Erth      53%        N/A       1%          2
 Searing Ray              Conj           100%       2d8       1%          2
 Cigotuvi's Dreadful Rot  Necr/Pois/Air  72%        N/A       3%          2
 Fulminant Prism          Conj/Hex       29%        3d14      3%          4
 Animate Armour           Summ/Erth      100%       N/A       11%         4
 Flame Wave               Conj/Fire      45%        2d12      11%         4
 Scorch                   Fire           28%        2d6       13%         2
 Call Canine Familiar     Summ           14%        N/A       24%         3
 Gell's Gravitas          Tloc           14%        N/A       24%         3
 Ozocubu's Armour         Ice            14%        N/A       24%         3
 Teleport Other           Tloc           14%        N/A       24%         3
 Metabolic Englaciation   Hex/Ice        16%        N/A       50%         5
 Dispel Undead            Necr           14%        3d10      58%         4
 Blade Hands              Tmut           10%        N/A       78%         5
 Death Channel            Necr           7%         N/A       100%        6
 Dispersal                Tloc           7%         N/A       100%        6
 Simulacrum               Ice/Necr       7%         N/A       100%        6
 Summon Cactus Giant      Summ           7%         N/A       100%        6
 Monstrous Menagerie      Summ           7%         N/A       100%        7
 Summon Hydra             Summ           7%         N/A       100%        7


Dungeon Overview and Level Annotations

Branches:
Dungeon (12/15)            Temple (0/1) D:5            Lair (0/5) D:11
    Orc (0/2) D:9           Sewer (visited)           IceCv (1/1)

Altars:
Ashenzari
Fedhas
Gozag
Nemelex Xobeh
Qazlal
Ru
Sif Muna
Vehumet
Xom
Zin

Shops:
D:2 :   D:5 ***   D:8 ?

Annotations:
D:10 2 runed translucent doors, Darkkill's ghost, novice MiHu


Innate Abilities, Weirdness & Mutations

Armour fits poorly on your strangely shaped body.
You are covered in fur. (AC +1)
Your muscles are strong. (Str +4, Int/Dex -1)
Your spells are a little harder to cast, but a little more powerful.
You have hidden genetic potential.
You occasionally lose the ability to read scrolls when taking damage.


Message History

The polar bear simulacrum claws you but does no damage.
The polar bear simulacrum misses you.
The dire elephant simulacrum tramples you!!
You stumble backwards!
Casting: Stone Arrow (safe; 1% risk of failure)
Confirm with . or Enter, or press ? or * to list all spells.
Aiming: Stone Arrow (safe; 1% risk of failure)
Press: ? - help, Shift-Dir - straight line, f - dire elephant simulacrum
Aim: a dire elephant simulacrum (100% to hit)
You feel a surge of power!
The stone arrow hits the dire elephant simulacrum!!
The dire elephant simulacrum is heavily damaged.
Unknown command.
Casting: Stone Arrow (safe; 1% risk of failure)
Confirm with . or Enter, or press ? or * to list all spells.
Aiming: Stone Arrow (safe; 1% risk of failure)
Press: ? - help, Shift-Dir - straight line, f/p - dire elephant simulacrum
Aim: a dire elephant simulacrum (heavily damaged, 100% to hit)
You feel a surge of power!
The stone arrow hits the dire elephant simulacrum!
The dire elephant simulacrum is severely damaged.
The dire elephant simulacrum tramples you but does no damage.
The dire elephant simulacrum trunk-slaps you.
The dire elephant simulacrum freezes you!
You resist.
You feel threatened and lose the ability to read scrolls!
* * * LOW HITPOINT WARNING * * *
Casting: Stone Arrow (safe; 1% risk of failure)
Confirm with . or Enter, or press ? or * to list all spells.
Aiming: Stone Arrow (safe; 1% risk of failure)
Press: ? - help, Shift-Dir - straight line, f/p - dire elephant simulacrum
Aim: a dire elephant simulacrum (severely damaged, 100% to hit)
You feel a surge of power!
The stone arrow hits the dire elephant simulacrum.
The dire elephant simulacrum is almost destroyed.
The polar bear simulacrum completely misses you.
The polar bear simulacrum claws you but does no damage. x2
The dire elephant simulacrum tramples you!!
You die...
Xom bursts into laughter!

#.[## ##..)#
.... .... ..#
#.## #. ##..#
#..##ZZ.### #
#....@..#≈#..##
##...#...≈≈...#
##..#..#≈≈#....
####..##≈# #
##..### #...##
##...# ##..##
##....#


You could see a dire elephant simulacrum and a polar bear simulacrum.

Vanquished Creatures
  Harold (D:9)
  4 two-headed ogres
  2 boulder beetles
  Urug (D:12)
  Pikel (D:8)
  A wizard (D:9)
  A deep elf pyromancer (D:12)
  2 ice statues (IceCv)
  2 ice devils (IceCv)
  4 trolls
  A wraith (D:10)
  3 wyverns
  A human (D:9)
  7 yaks (D:10)
  A shadow (D:11)
  A steam dragon (D:6)
  2 vampire mosquitoes (D:12)
  The ghost of Sleet the Changer, an amateur OpTm (D:4)
  Duvessa (D:6)
  3 orc warriors
  2 sky beasts (D:8)
  4 black bears
  3 ogres (D:6)
  8 centaurs (D:11)
  2 lemures (D:8)
  4 kobold brigands
  5 bullfrogs
  2 gnoll sergeants
  6 scorpions
  A cane toad simulacrum (IceCv)
  A two-headed ogre simulacrum (D:12)
  11 wights
  Dowan (D:6)
  3 killer bees (D:9)
  An elephant simulacrum (D:12)
  A howler monkey (D:8)
  A crimson imp (D:9)
  2 gnoll boudas
  3 hounds (D:5)
  A jelly (D:5)
  2 orc priests
  5 iguanas
  11 orc wizards
  A sleepcap (D:5)
  2 spriggan simulacra
  4 troll simulacra
  A wolf simulacrum (D:12)
  16 adders
  18 gnolls
  7 river rats
  4 naga simulacra
  2 white imps
  4 ufetubi
  4 worms
  A dart slug (D:5)
  35 orcs
  5 bats
  3 endoplasms
  A giant cockroach (D:4)
  3 goblins
  5 hobgoblins
  7 jackals (Sewer)
  12 kobolds
  A quokka (D:5)
  8 ball pythons
  6 frilled lizards
  9 rats
279 creatures vanquished.

Vanquished Creatures (collateral kills)
  3 wights (D:8)
3 creatures vanquished.

Vanquished Creatures (others)
  A yak (D:10)
  2 fulminant prisms (D:7)
  12 fungi (D:11)
  21 plants
  4 toadstools (D:5)
40 creatures vanquished.

Grand Total: 322 creatures vanquished

Notes
Turn   | Place    | Note
-------+----------+-------------------------------------------
     0 | D:1      | LustLizard the Deep Elf Venom Mage began the quest for the
                  | Orb.
     0 | D:1      | Reached XP level 1. HP: 10/10 MP: 6/6
   241 | D:1      | Found a faded altar of an unknown god.
   936 | D:1      | Prayed at the altar of an unknown god.
   936 | D:1      | Became a worshipper of Xom of Chaos
   978 | D:2      | XOM: silly message
   994 | D:2      | Reached XP level 2. HP: 16/16 MP: 4/8
  1115 | D:2      | XOM: silly message
  1188 | D:2      | Learned a level 2 spell: Poisonous Vapours
  1419 | D:2      | Reached XP level 3. HP: 20/20 MP: 7/9
  1447 | D:2      | XOM: cloud trail
  1634 | D:2      | XOM: silly message
  1663 | D:2      | Reached skill level 1 in Air Magic
  1747 | D:2      | Found Pinlef's Book Shoppe.
  1840 | D:2      | Reached skill level 1 in Fighting
  2389 | D:3      | Reached XP level 4. HP: 10/25 MP: 2/11
  2523 | D:3      | XOM: divination: detect creatures
  2702 | D:3      | Found a glowing drain.
  2707 | Sewer    | Entered a sewer
  2825 | Sewer    | XOM: scenery: summon butterflies
  2857 | Sewer    | Reached XP level 5. HP: 28/29 MP: 6/13
  3229 | Sewer    | Reached skill level 5 in Poison Magic
  3261 | Sewer    | Reached XP level 6. HP: 23/35 MP: 0/14
  3272 | Sewer    | XOM: god gift: 31 gold pieces
  3304 | Sewer    | XOM: divination: magic mapping
  3549 | Sewer    | XOM: noise
  4278 | D:3      | Learned a level 3 spell: Mephitic Cloud
  4283 | D:3      | Learned a level 4 spell: Fulminant Prism
  4288 | D:3      | XOM: confuse monster(s)
  4634 | D:3      | XOM: give mutations
  4634 | D:3      | Gained mutation: Your natural rate of healing is unusually
                  | fast. [Xom's grace]
  4634 | D:3      | Gained mutation: You are strong-willed. (Will+) [Xom's
                  | grace]
  4634 | D:3      | Gained mutation: You have sharp toenails. [Xom's grace]
  4634 | D:3      | Gained mutation: You possess an exceptional clarity of
                  | mind. [Xom's grace]
  4869 | D:3      | XOM: god gift: scroll of teleportation
  4910 | D:3      | XOM: 1-stop teleportation journey
  4989 | D:4      | XOM: cleaving
  4991 | D:4      | Reached skill level 1 in Hexes
  5011 | D:4      | XOM: scenery: create altars
  5103 | D:4      | Found a runed translucent door.
  5176 | D:4      | Identified the staff of earth "Qusehoa" {rN+++ Str+4}
  5184 | D:4      | Learned a level 3 spell: Stone Arrow
  5218 | D:4      | You fall into a shaft and drop 2 floors!
  5329 | D:6      | Reached skill level 1 in Conjurations
  5434 | D:6      | Identified the amulet "Ciam" {rC+ rN+ Regen+ Stlth+} (Xom
                  | gifted it to you on level 6 of the Dungeon)
  5434 | D:6      | XOM: god gift: amulet "Ciam" {rC+ rN+ Regen+ Stlth+}
  5545 | D:6      | Noticed Duvessa
  5645 | D:6      | XOM: divination: detect items
  5736 | D:6      | Reached skill level 1 in Earth Magic
  5736 | D:6      | Reached XP level 7. HP: 40/40 MP: 1/16
  5768 | D:6      | XOM: cloud trail
  5845 | D:6      | Noticed a steam dragon
  6000 | D:6      | XOM: summons 7 friendly demons
  6003 | D:6      | Killed a steam dragon
  6004 | D:6      | Reached skill level 5 in Spellcasting
  6124 | D:6      | XOM: scenery: create altars
  6137 | D:6      | XOM: summons 4 friendly demons
  6236 | D:6      | Noticed Dowan
  6306 | D:6      | Reached XP level 8. HP: 45/45 MP: 11/18
  6385 | D:6      | XOM: 3-stop teleportation journey
  6397 | D:6      | Killed Duvessa
  6403 | D:6      | Killed Dowan
  6519 | D:5      | Entered Level 5 of the Dungeon
  6711 | D:6      | XOM: noise
  6808 | D:5      | Found Zin's Purification Station.
  6811 | D:5      | Found a glowing silver altar of Zin.
  7167 | D:4      | XOM: scenery: create altars
  7328 | D:4      | Noticed Sleet's ghost (amateur OpTm)
  7339 | D:4      | Killed Sleet's ghost
  7449 | D:5      | Found Arphysit's Elemental Accessories.
  7794 | D:5      | Found a radiant altar of Vehumet.
  7891 | D:5      | Found a sacrificial altar of Ru.
  8159 | D:5      | Reached skill level 5 in Conjurations
  8324 | D:5      | Found a staircase to the Ecumenical Temple.
  8338 | D:5      | Found Isioj's Lightly-Used Armoury.
  8347 | D:5      | Reached skill level 5 in Earth Magic
  8417 | D:5      | XOM: cloud trail
  8775 | D:6      | XOM is BORED!
  8854 | D:6      | Found a blossoming altar of Fedhas.
  9089 | D:6      | Reached XP level 9. HP: 51/51 MP: 4/20
  9332 | D:7      | Found a sparkling altar of Nemelex Xobeh.
  9386 | D:7      | Found a shimmering blue altar of Sif Muna.
  9660 | D:7      | XOM: 2-stop teleportation journey
  9882 | D:7      | Reached skill level 5 in Hexes
 10147 | D:7      | XOM: god gift: fuming golden potion {god gift}
 10167 | D:7      | Found a shimmering altar of Xom.
 10219 | D:7      | XOM: noise
 10383 | D:7      | XOM: 3-stop teleportation journey
 10458 | D:7      | XOM: 3-stop teleportation journey
 10470 | D:7      | XOM: give mutations
 10470 | D:7      | Gained mutation: You expend magic power (3 MP) to
                  | strengthen your wands. [Xom's grace]
 10470 | D:7      | Gained mutation: You are covered in fur. (AC +1) [Xom's
                  | grace]
 10470 | D:7      | Gained mutation: Your muscles are strong. (Str +4, Int/Dex
                  | -1) [Xom's grace]
 10470 | D:7      | Gained mutation: You have hidden genetic potential. [Xom's
                  | grace]
 10515 | D:7      | XOM: 2-stop teleportation journey
 10586 | D:7      | XOM: scenery: create altars
 11355 | D:8      | XOM: scenery: 1 doors close
 11494 | D:8      | Found a stormy altar of Qazlal.
 11680 | D:8      | Found Xitugaf's Magic Scroll Shop.
 11728 | D:8      | Bought a scroll of blinking for 90 gold pieces
 11728 | D:8      | Bought a scroll of enchant armour for 90 gold pieces
 11728 | D:8      | Bought a scroll of noise for 12 gold pieces
 11729 | D:8      | Bought a scroll of blinking for 90 gold pieces
 11986 | D:8      | XOM: give mutations
 11986 | D:8      | Gained mutation: You have a pair of small horns on your
                  | head. [Xom's grace]
 11986 | D:8      | Gained mutation: Your spells are a little harder to cast,
                  | but a little more powerful. [Xom's grace]
 11986 | D:8      | Gained mutation: Your mind is acute. (Int +4, Str/Dex -1)
                  | [Xom's grace]
 11987 | D:8      | Noticed Pikel
 11993 | D:8      | Killed Pikel
 11994 | D:8      | Reached XP level 10. HP: 58/58 MP: 9/23
 12141 | D:9      | Learned a level 4 spell: Olgreb's Toxic Radiance
 12184 | D:9      | Found a staircase to the Orcish Mines.
 12387 | D:9      | XOM: give mutations
 12387 | D:9      | Gained mutation: You are partially covered in large bone
                  | plates. (SH +4) [Xom's grace]
 12387 | D:9      | Gained mutation: You are robust. (+10% HP) [Xom's grace]
 12403 | D:9      | Noticed a wizard
 12573 | D:9      | XOM: scenery: 1 doors close
 12585 | D:9      | Killed a wizard
 12586 | D:9      | Reached skill level 1 in Armour
 12595 | D:8      | Gained mutation: You have sharp fingernails. [hidden
                  | potential]
 12830 | D:9      | Noticed Harold
 12839 | D:9      | XOM: destruction
 12842 | D:9      | Killed Harold
 12973 | D:9      | XOM: scenery: 2 doors close
 13247 | D:9      | XOM: fog
 13330 | D:9      | Identified the +6 great mace "Iginuim" {freeze, rN+} (Xom
                  | gifted it to you on level 9 of the Dungeon)
 13330 | D:9      | XOM: god gift: +6 great mace "Iginuim" {chaos, rN+}
 13427 | D:9      | Got the Directory of Collective Pestilence
 13432 | D:9      | Learned a level 3 spell: Ignite Poison
 13662 | D:10     | Entered Level 10 of the Dungeon
 13771 | D:10     | XOM: god gift: 888 gold pieces
 13787 | D:10     | XOM: destruction
 13788 | D:10     | Reached skill level 5 in Fighting
 13946 | D:10     | Found an opulent altar of Gozag.
 13946 | D:10     | Found a broken altar of Ashenzari.
 13983 | D:10     | XOM: enchant monster (good)
 14097 | D:10     | Noticed a two-headed ogre
 14104 | D:10     | Killed a two-headed ogre
 14105 | D:10     | Reached XP level 11. HP: 69/69 MP: 15/25
 14188 | D:10     | XOM: give mutations
 14188 | D:10     | Lost mutation: You are strong-willed. (Will+) [Xom's
                  | mischief]
 14188 | D:10     | Lost mutation: Your spells are a little harder to cast, but
                  | a little more powerful. [Xom's mischief]
 14268 | D:10     | Noticed a two-headed ogre
 14273 | D:10     | Killed a two-headed ogre
 14459 | D:10     | Gained mutation: You have great hidden genetic potential.
                  | [hidden potential]
 14459 | D:10     | Lost mutation: You have great hidden genetic potential.
                  | [hidden potential expressed]
 14626 | D:10     | Found a large runed translucent door.
 14626 | D:10     | Found a large runed translucent door.
 14627 | D:10     | Noticed Darkkill's ghost (novice MiHu)
 14775 | D:11     | Noticed a boulder beetle
 14790 | D:11     | Killed a boulder beetle
 14791 | D:11     | Reached skill level 5 in Stealth
 14806 | D:11     | XOM is BORED!
 14806 | D:11     | XOM: 5-stop teleportation journey
 15068 | D:11     | XOM: enchant monster (bad)
 15312 | D:11     | XOM: give mutations
 15312 | D:11     | Lost mutation: You are robust. (+10% HP) [Xom's mischief]
 15312 | D:11     | Lost mutation: You have sharp toenails. [Xom's mischief]
 15421 | D:11     | Noticed a two-headed ogre
 15426 | D:11     | XOM: cloud trail
 15432 | D:11     | Killed a two-headed ogre
 15499 | D:11     | XOM: give mutations
 15499 | D:11     | Lost mutation: Your natural rate of healing is unusually
                  | fast. [Xom's mischief]
 15499 | D:11     | Lost mutation: You are partially covered in large bone
                  | plates. (SH +4) [Xom's mischief]
 15499 | D:11     | Lost mutation: You have sharp fingernails. [Xom's mischief]
 15499 | D:11     | Lost mutation: Your muscles are strong. (Str +4, Int/Dex
                  | -1) [Xom's mischief]
 15585 | D:11     | Found a staircase to the Lair.
 15665 | D:11     | XOM: give mutations
 15665 | D:11     | Gained mutation: Armour fits poorly on your strangely
                  | shaped body. [Xom's mischief]
 15665 | D:11     | Lost mutation: You have a pair of small horns on your head.
                  | [Xom's mischief]
 15665 | D:11     | Lost mutation: You expend magic power (3 MP) to strengthen
                  | your wands. [Xom's mischief]
 15690 | D:11     | XOM: give mutations
 15690 | D:11     | Lost mutation: You possess an exceptional clarity of mind.
                  | [Xom's mischief]
 15690 | D:11     | Lost mutation: Your mind is acute. (Int +4, Str/Dex -1)
                  | [Xom's mischief]
 15690 | D:11     | Gained mutation: You are partially covered in iridescent
                  | scales. (AC +2) [Xom's mischief]
 15695 | D:11     | XOM is BORED!
 15925 | D:11     | XOM: give mutations
 15925 | D:11     | Gained mutation: Your muscles are strong. (Str +4, Int/Dex
                  | -1) [Xom's mischief]
 15925 | D:11     | Gained mutation: You occasionally lose the ability to read
                  | scrolls when taking damage. [Xom's mischief]
 15925 | D:11     | Gained mutation: Your spells are a little harder to cast,
                  | but a little more powerful. [Xom's mischief]
 15925 | D:11     | Lost mutation: You are partially covered in iridescent
                  | scales. (AC +2) [Xom's mischief]
 15938 | D:12     | Noticed Urug
 15948 | D:12     | Killed Urug
 16033 | D:12     | Noticed a boulder beetle
 16041 | D:12     | XOM: chaos cloud
 16046 | D:12     | Killed a boulder beetle
 16167 | D:12     | Noticed a two-headed ogre
 16180 | D:12     | Killed a two-headed ogre
 16271 | D:12     | XOM: summons 1 hostile demon
 16298 | D:12     | Noticed a deep elf pyromancer
 16302 | D:12     | Killed a deep elf pyromancer
 16303 | D:12     | Reached skill level 10 in Conjurations
 16315 | D:12     | Learned a level 6 spell: Iron Shot
 16357 | D:12     | Found a frozen archway.
 16528 | IceCv    | Entered an ice cave
 16531 | IceCv    | Identified 2 scrolls of acquirement
 16531 | IceCv    | Acquired 1307 gold pieces
 16533 | IceCv    | Acquired the +2 shield of Resistance {rF++ rC++ Will++}
 16533 | IceCv    | Found the +2 shield of Resistance {rF++ rC++ Will++}
 16556 | IceCv    | Reached skill level 10 in Earth Magic
 16559 | IceCv    | XOM: summons 6 friendly demons
 16942 | IceCv    | Reached XP level 12. HP: 38/69 MP: 12/27
 17051 | IceCv    | Demolished by a dire elephant simulacrum

Illustrated notes

Levels and vault maps discovered:
D:1:      dpeg_arrival_another_circle, layout_loops_ring,
          nicolae_ecumenical_lake_church
D:2:      minmay_alternating_diamond, layout_loops_ring, serial_shops,
          nicolae_shop_tiny_real_fake_doors, kennysheep_generic_room_3
D:3:      layout_loops_ring, lightli_sewer_entry_pipes, minmay_misc_feat_plants
D:4:      layout_basic, ebering_ghost_reflecting_pool
D:5:      layout_loops_ring, nicolae_ru_awakened_eye, zin_purify, minitemple,
          minmay_temple_entry_offerings, minmay_shop_damaged,
          minmay_gold_behind_fungi, minmay_misc_feat_four_crosses,
          serial_bayou_lagoon_a, nicolae_elemental_shop
D:6:      layout_basic, general_overflow_altar, uniq_duvessa
D:7:      layout_layer_cave, mainiacjoe_overflow_surrounded_room,
          mainiacjoe_overflow_large_starburst
D:8:      layout_gridville, grunt_qazlal_sundering, serial_shops, shop,
          minmay_misc_feat_ornament, uniq_pikel
D:9:      layout_basic, erik_orc_4, chequers_serial_rivers_marsh,
          hangedman_abyss_or_decor_stabs, lightli_wizard_tower, uniq_harold
D:10:     layout_loops_ring, grunt_temple_overflow_open,
          ebering_ghost_disaster_area
D:11:     layout_basic, grunt_lair_entry_orc_guard_hut
D:12:     layout_loops_ring, portal_ice_cave_entry_ice_simulacra, uniq_urug
IceCv:    ice_cave_small_demon

Skill      XL: |  1  2  3  4  5  6  7  8  9 10 11 |
---------------+----------------------------------+-----
Poison Magic   | 4 5 6 7 |  7.3
Air Magic      | 1 2 3 |  3.4
Fighting       | 1 2 3 4 5 |  5.9
Spellcasting   | 4 5 6 7 8 9 |  9.9
Hexes          | 1 3 4 6 |  6.2
Conjurations   | 1 3 5 7 8 10 | 10.1
Earth Magic    | 1 3 5 7 8 10 | 10.1
Armour         | 2 3 |  3.4
Stealth        | 4 6 |  6.1
Staves         | |  0.7
Dodging        | |  2.7
Shields        | |  0.9
Transmutations | |  1.1

Action                     |  1- 3 |  4- 6 |  7- 9 | 10-12 || total
---------------------------+-------+-------+-------+-------++-------
  Melee: Dagger            |       |    11 |       |       ||    11
         Staff             |       |     1 |    26 |    62 ||    89
         Kick              |       |     1 |     8 |       ||     9
         Headbutt          |       |       |       |     9 ||     9
         Punch             |       |       |       |     2 ||     2
   Cast: Sting             |    68 |    77 |   114 |    22 ||   281
         Poisonous Vapours |     7 |    63 |    65 |    66 ||   201
         Mephitic Cloud    |       |     2 |     7 |     2 ||    11
         Stone Arrow       |       |       |    46 |   126 ||   172
         Fulminant Prism   |       |       |     2 |       ||     2
         Olgreb's Toxic Ra |       |       |       |     9 ||     9
         Ignite Poison     |       |       |       |     1 ||     1
    Use: Scroll            |     1 |     3 |     5 |     7 ||    16
         Potion            |       |     2 |       |       ||     2
   Stab: Confused          |       |     1 |     1 |       ||     2
 Armour: Robe              |     7 |     4 |       |       ||    11
         Steam dragon scal |       |       |    25 |    39 ||    64
  Dodge: Dodged            |    17 |    24 |    59 |    59 ||   159
  Block: Other             |       |       |       |     9 ||     9

Table legend: (Time is in decaauts)
 A = Elapsed time spent in this place.
 B = Non-inter-level travel time spent in this place.
 C = Inter-level travel time spent in this place.
 D = Time resting spent in this place.
 E = Time spent auto-exploring this place.
 F = Levels seen in this place.
 G = Mean time per level.
                   A        B        C        D        E       F      G
               +--------+--------+--------+--------+--------+-----+--------+
         Total |  17297 |  16714 |    583 |   1916 |  11215 |  14 | 1235.5 |
       Dungeon |  15228 |  14645 |    583 |   1456 |   9970 |  12 | 1269.0 |
         Sewer |   1545 |   1545 |      0 |     87 |   1210 |   1 | 1545.0 |
      Ice Cave |    523 |    523 |      0 |    373 |     35 |   1 |  523.0 |
               +--------+--------+--------+--------+--------+-----+--------+

Top non-repeatable levels by time:
     D:6: 2357 daAuts
     D:7: 1611 daAuts
   Sewer: 1545 daAuts
     D:9: 1492 daAuts
     D:3: 1389 daAuts
     D:8: 1351 daAuts
     D:2: 1257 daAuts
    D:11: 1215 daAuts
     D:5: 1111 daAuts
     D:1: 968 daAuts
    D:10: 959 daAuts
     D:4: 916 daAuts
    D:12: 597 daAuts
   IceCv: 523 daAuts
